 Dungeon Crawl Stone Soup version 0.17-a0-1920-gafa4d75 (webtiles) character file.

791045 graki42 the Axe Maniac (level 27, -8/260 HPs)
             Began as a Minotaur Fighter on Sept 26, 2015.
             Was a High Priest of Okawaru.
             Killed by divine providence
             ... invoked by a balrug
              (11 damage)
             ... on level 17 of a ziggurat on Sept 27, 2015.
             The game lasted 11:27:19 (84829 turns).

graki42 the Axe Maniac (Minotaur Fighter)          Turns: 84829, Time: 11:27:21

Health: -8/260     AC: 47    Str: 30    XL:     27
Magic:  25/32      EV: 15    Int:  5    God:    Okawaru [*****.]
Gold:   10432      SH: 36    Dex: 13    Spells: 0 memorised, 32 levels left

rFire  + . .     SeeInvis .     R - +7 rod of clouds (13/13)
rCold  + + .     Rnd*Rage +     z - +9 armour of the Dragon King {rPois rF+ rC+ MR+}
rNeg   + . .     SustAt   +     b - +8 large shield {AC+3}
rPois  +         Gourm    .     Y - +2 hat of the Hidden Seas {rC+}
rElec  .         Spirit   .     c - +2 cloak {MR+}
rCorr  .         Warding  .     l - +2 pair of gloves {Str+3}
rMut   .         Stasis   .     U - +2 pair of boots {run}
MR     ++++.                    e - amulet of Vitality {Regen+ HP+15}
Stlth  ..........               M - ring of sustain attributes
                                C - ring of positive energy

@: very slightly contaminated, non-regenerating, badly diseased, quick,
incredibly resistant to hostile enchantments, extremely unstealthy
A: retaliatory headbutt, horns 2, berserk 1, blurry vision 2, breathe flames 1,
clumsy 1, deformed body, frail 2, regeneration 1, robust 1, weak 1, wild magic
1, subdued magic 1
a: Heroism, Finesse, Renounce Religion, Breathe Fire
}: 5/15 runes: decaying, serpentine, slimy, silver, golden


You were on level 17 of a ziggurat.
You worshipped Okawaru.
Okawaru was extremely pleased with you.
You were not hungry.

You visited 12 branches of the dungeon, and saw 61 of its levels.
You visited the Abyss 1 time.
You visited 1 ziggurat, and saw 17 of its levels.
You also visited: Trove, Sewer, Bailey and Ice Cave.

You collected 14224 gold pieces.
You spent 3792 gold pieces at shops.

Inventory:

Hand weapons
 p - a +9 broad axe of chopping
 G - the +7 broad axe "Qaisuoma" {holy, MR++}
   (You found it on level 14 of a ziggurat)

   It has been blessed by the Shining One to cause great damage to the undead
   and demons.
   It affects your resistance to hostile enchantments.
Missiles
 y - 2 throwing nets (quivered)
Armour
 b - a +8 large shield of protection (worn)
 c - a +2 cloak of magic resistance (worn)
 l - a +2 pair of gloves of strength (worn)
 z - the +9 armour of the Dragon King (worn) {rPois rF+ rC+ MR+}
   (You found it on level 6 of the Pits of Slime)

   It protects you from fire.
   It protects you from cold.
   It protects you from poison.
   It affects your resistance to hostile enchantments.
 N - the cursed +0 shield of the Equinox {-Tele Int+2 Dex+4, unknown}
   (You found it on level 16 of a ziggurat)

   It affects your intelligence (+2).
   It affects your dexterity (+4).
   It prevents most forms of teleportation.
   It has a curse placed upon it.
 P - a +2 cloak of poison resistance
 Q - a +2 pair of boots of flying
 U - a +2 pair of boots of running (worn)
 Y - the +2 hat of the Hidden Seas (worn) {rC+}
   (You found it on level 3 of the Elven Halls)

   It protects you from cold.
Rods
 H - a +6 rod of destruction (13/13)
   (You found it on level 6 of the Pits of Slime)
 J - a +5 rod of the swarm (14/14)
   (You found it on level 13 of a ziggurat)
 R - a +7 rod of clouds (13/13) (weapon)
   (You found it on level 9 of a ziggurat)
 T - a +7 rod of inaccuracy (17/17)
   (You bought it in a shop on level 4 of the Orcish Mines)
Jewellery
 d - an uncursed amulet of resist corrosion
 e - the amulet of Vitality (around neck) {Regen+ HP+15}
   (You found it on level 12 of a ziggurat)

   [amulet of regeneration]

   It affects your health (+15).
   It increases your rate of regeneration.
 m - an uncursed ring of protection from magic
 o - an uncursed ring of protection from magic
 v - an uncursed ring of protection from fire
 x - an uncursed amulet of resist mutation
 A - the amulet of Cekugob {Ward -Tele rElec rPois rN++ AC+1 EV+1}
   (You found it on level 8 of a ziggurat)

   [amulet of warding]

   It may prevent the melee attacks of summoned creatures.
   It affects your AC (+1).
   It affects your evasion (+1).
   It insulates you from electricity.
   It protects you from poison.
   It greatly protects you from negative energy.
   It prevents most forms of teleportation.
 C - a ring of positive energy (left hand)
 I - the cursed ring of Charity {*Contam rPois Str-3 Int+6 Slay+3, unknown}
   (You found it on level 15 of a ziggurat)

   [ring of strength]

   It affects your strength (-3).
   It affects your intelligence (+6).
   It affects your accuracy and damage with ranged weapons and melee attacks
   (+3).
   It protects you from poison.
   It causes magical contamination when unequipped.
   It has a curse placed upon it.
 M - a ring of sustain attributes (right hand)
Magical devices
 q - a wand of teleportation (0)
 r - a wand of digging (11)
 F - a wand of heal wounds (0)
 K - a wand of hasting (4)
Scrolls
 a - 2 scrolls of recharging
 f - 17 scrolls of remove curse
 k - 18 scrolls of teleportation
 n - 4 scrolls of enchant weapon
 u - 4 scrolls of enchant armour
 B - 3 scrolls of blinking
 D - 2 scrolls of magic mapping
 E - 17 scrolls of identify
 X - 2 scrolls of silence
Potions
 h - 9 potions of curing
 i - 5 potions of cure mutation
 t - 3 potions of heal wounds
 O - 4 potions of cancellation
Miscellaneous
 s - 2 phantom mirrors
 w - a lantern of shadows
 L - a legendary deck of changes {the Mercenary}
Comestibles
 g - 13 royal jellies
 j - 26 meat rations


   Skills:
 O Level 27 Fighting
 O Level 27 Axes
   Level 1.9(18.8) Polearms
 + Level 4.5 Throwing
 O Level 27 Armour
 * Level 14.7 Dodging
 O Level 27 Shields
 + Level 3.3 Spellcasting
 + Level 14.6 Invocations
 + Level 13.8 Evocations


You had 32 spell levels left.
You didn't know any spells.

Dungeon Overview and Level Annotations

Branches:
Dungeon (15/15)            Temple (1/1) D:4            Lair (8/8) D:10
  Swamp (4/4) Lair:4        Snake (4/4) Lair:3        Slime (6/6) Lair:8
    Orc (4/4) D:11            Elf (3/3) Orc:3        Vaults (5/5) D:13
  Crypt (3/3) Vaults:2       Tomb (3/3) Crypt:3      Depths (5/5) D:15
    Zot (0/5) Depths:5

Altars:
Ashenzari
Cheibriados
Dithmenos
Fedhas
Gozag
Kikubaaqudgha
Makhleb
Nemelex Xobeh
Okawaru
Qazlal
Ru
Sif Muna
Trog
Vehumet
Xom
Yredelemnul
The Shining One
Beogh

Shops:
D:6 :   D:7 %   D:9 (%   D:14 *   D:15 !   Orc:2 :   Orc:4 !}![   Elf:2 (
Snake:1 [   Snake:3 *(}   Vaults:1 ?([(*   Vaults:5 }[   Depths:1 (

Portals:
Hell: Depths:1 Depths:2 Depths:3 Depths:4 Depths:5
Abyss: Depths:2 Depths:3 Depths:4
Pandemonium: Depths:3 Depths:5

Annotations:
Zig:17 exclusion: ice statue


Innate Abilities, Weirdness & Mutations

You reflexively headbutt those who attack you in melee.
You have a pair of horns on your head.
You can breathe flames.
You are clumsy. (Dex -2)
Armour fits poorly on your strangely shaped body.
Your natural rate of healing is unusually fast.
You are robust (+10% HP).
Your spells are a little harder to cast, but a little more powerful.
[You tend to lose your temper in combat.]
[Scrolls take you longer to read.]
[You are very frail (-20% HP).]
[You are weak. (Str -2)]
[Your spells are a little easier to cast, but a little less powerful.]


Message History

An ice statue, a neqoxec, a tentacled starspawn, a thrashing horror and 2 small abominations come into view.
Drink which item? (? for menu, Esc to quit)
Okay, then.
The neqoxec shouts!
The thrashing horror roars!
The balrug shouts!
You feel ill.
A starcursed mass splits.
The ice statue throws cold at you. The freezing blast engulfs you! You resist.
* * * LOW HITPOINT WARNING * * *
A spatial maelstrom comes into view.
Unknown command.
Read which item? (? for menu, Esc to quit)
Really read with blurry vision while enemies are nearby?
You are engulfed in freezing vapours.
You resist.
You feel ill. The neqoxec gestures at you.
Strange energies course through your body.
The neqoxec gestures at you.
Strange energies course through your body.
The balrug gestures at you. Something smites you!
You die...

▓▓........
▓.................Xx....
▓.....5G.XX....2......X.
▓...535X.X......x....v..
▓..XXXXXW.Xd.......3....
..∩XX35XxX.h...38.......
▓....XX.XXX3........X...
▓...X55p.*5..3.§§§......
▓.....XLx*x***.§@§...X..
▓.....3*.L*xx.w§§X......
▓▓.........x.....§......
▓▓.....................
▓▓....................
▓▓...................
▓▓..................
▓▓▓................
▓▓.....


You could see 6 starcursed masses, an ancient lich, a yellow draconian, 2
tentacled starspawn, a balrug, a spatial maelstrom, an ice statue, 2 ancient
zymes, 2 thrashing horrors, 2 large abominations, a worldbinder (wandering), a
smoke demon, a raiju, 2 neqoxecs, a chaos spawn, 3 small abominations, a
starspawn tentacle and an ufetubus.

Vanquished Creatures
  the royal jelly (Slime:6)
  3 juggernauts
  33 greater mummies
  2 ancient liches
  Boris (Tomb:2)
  Frederick (Vaults:5)
  2 Killer Klowns (Zig:9)
  Nikola (Vaults:2)
  the Enchantress (D:15)
  Xtahua (Vaults:3)
  3 bone dragons
  Jorgrun (Crypt:3)
  13 liches
  Rupert (Lair:5)
  3 tentacled monstrosities
  Asterion (Vaults:1)
  4 deep elf blademasters (Elf:3)
  8 titans
  A quicksilver dragon (Depths:4)
  2 deep elf master archers
  22 acid blobs
  Gastronok (Lair:1)
  5 octopode crushers
  12 sphinxes
  Kirke (D:14)
  10 ancient champions
  6 shadow dragons (Vaults:5)
  7 tengu reavers
  A thorn hunter (Swamp:1)
  4 storm dragons
  A pandemonium lord (Zig:9)
  9 greater nagas
  7 fire giants
  8 revenants
  10 azure jellies
  6 large abominations
  Wiglaf (Crypt:3)
  Donald (Snake:2)
  Maud (Orc:2)
  20 vault wardens
  A chaos champion (Zig:9)
  2 ghost moths (Zig:5)
  An iron dragon (Vaults:5)
  11 deep elf sorcerers
  11 frost giants
  9 orc warlords
  A draconian zealot (Zig:2)
  7 curse skulls
  2 balrugs
  A caustic shrike zombie (Zig:6)
  A draconian shifter (Depths:5)
  A draconian annihilator (Zig:2)
  3 spriggan defenders
  11 ghouls
  An angel (Depths:4)
  33 stone giants
  2 war gargoyles (Vaults:5)
  A caustic shrike skeleton (Depths:3)
  10 vampire knights
  18 very ugly things
  9 reapers
  15 ironheart preservers
  13 deep elf demonologists
  Nessos (D:13)
  2 black draconians (Depths:5)
  2 red draconians (Depths:5)
  A salamander stormcaller (Vaults:4)
  11 deep elf annihilators
  13 bennus
  A mottled draconian (Depths:5)
  A yellow draconian (Depths:5)
  11 eidola
  10 ettins
  26 mummy priests
  A minotaur (shapeshifter) (Vaults:4)
  A blizzard demon (Depths:2)
  2 merfolk javelineers
  7 death oozes
  An ettin (shapeshifter) (Depths:2)
  17 deep elf death magi
  11 jiangshi
  Josephine (D:12)
  15 great orbs of eyes
  6 deep elf high priests
  12 fire dragons
  38 vault guards
  2 rakshasas
  27 hydras
  26 naga warriors
  3 entropy weavers
  A ghost crab (shapeshifter) (Zig:9)
  2 ghost crabs
  7 ice dragons
  5 centaur warriors
  5 death knights
  4 quicksilver dragon skeletons
  7 spriggan air magi
  14 yaktaur captains
  Erolcha (Orc:2)
  3 deep troll earth magi
  18 dancing weapons
  7 anacondas
  10 tengu warriors
  A deep troll shaman (Depths:1)
  2 titan zombies
  12 vampire magi
  The ghost of Kolbur the Impaler, an experienced MfIE of Ashenzari (Lair:1)
  17 ogre magi
  7 naga sharpshooters
  4 shock serpents
  A storm dragon zombie (Tomb:2)
  2 spriggan berserkers
  5 alligators
  6 death yaks
  10 orc high priests
  3 iron trolls
  25 deep elf knights
  6 soul eaters
  A wretched star (Abyss:1)
  15 shadow wraiths
  A salamander mystic (Snake:4)
  7 small abominations
  3 sun demons (Depths:2)
  A titan skeleton (Crypt:1)
  4 fire crabs
  21 death scarabs
  A deep troll (shapeshifter) (Vaults:5)
  2 ice devils (Depths:2)
  36 skeletal warriors
  6 spriggan druids
  9 hell knights
  A storm dragon skeleton (Depths:3)
  2 golden dragon zombies (Crypt:3)
  A ghost moth zombie (Crypt:2)
  2 shambling mangroves (Zig:10)
  4 unseen horrors
  3 swamp dragons
  A spatial maelstrom (Abyss:1)
  An anaconda zombie (Crypt:3)
  6 hill giants
  3 lindwurms
  7 naga ritualists
  2 ice statues (IceCv)
  14 deep elf summoners
  9 deep trolls
  A shadow dragon zombie (Tomb:1)
  An obsidian statue (Depths:2)
  3 golden dragon skeletons
  17 phantasmal warriors
  21 anubis guards
  2 harpies (shapeshifter)
  20 necromancers
  26 deep elf conjurers
  10 flayed ghosts
  4 giant orange brains
  27 orc knights
  A shining eye (shapeshifter) (Depths:2)
  12 ironbrand convokers
  9 orc sorcerers
  2 orb spiders (Zig:5)
  A sphinx zombie (Depths:4)
  2 wizards
  5 cyclopes
  A stone giant zombie (Vaults:2)
  3 wolf spiders
  5 shining eyes
  A mana viper (shapeshifter) (Vaults:4)
  2 frost giant zombies (Crypt:3)
  2 wolf spiders (shapeshifter)
  6 hornets
  A sphinx skeleton (Depths:3)
  5 griffons
  12 elephants
  An octopode (shapeshifter) (Vaults:3)
  2 moths of wrath
  A manticore (D:14)
  16 salamanders
  55 ugly things
  An elephant (shapeshifter) (Depths:4)
  2 fire giant zombies
  A black mamba (shapeshifter) (Vaults:2)
  2 guardian serpents (shapeshifter)
  A stone giant skeleton (Crypt:2)
  3 dire elephant zombies (Crypt:3)
  2 shock serpent zombies
  A frost giant skeleton (Zig:6)
  2 orange demons (Depths:2)
  Maurice (D:12)
  5 oklob plants (Zig:8)
  A fire giant skeleton (Depths:3)
  2 spriggan zombies
  21 vault sentinels
  6 guardian serpents
  3 rust devils
  8 mana vipers
  3 apocalypse crabs (Zig:9)
  2 iron dragon skeletons (Depths:3)
  A spiny frog (shapeshifter) (Depths:3)
  2 torpor snails
  2 hellions
  20 naga magi
  16 komodo dragons
  38 black mambas
  2 gargoyles (D:15)
  A smoke demon (Zig:17)
  2 eyes of devastation
  2 spriggan skeletons
  4 kobold demonologists
  30 spiny frogs
  2 dire elephant skeletons
  A shock serpent skeleton (Crypt:3)
  An alligator snapping turtle skeleton (Crypt:2)
  25 freezing wraiths
  29 yaktaurs
  4 red devils
  49 guardian mummies
  A troll (shapeshifter) (Vaults:5)
  9 tengu conjurers
  A yaktaur (shapeshifter) (Depths:2)
  A harpy zombie (Tomb:1)
  A polar bear (shapeshifter) (Vaults:2)
  8 fire drakes
  18 two-headed ogres
  A wolf spider simulacrum (D:13)
  12 deep elf priests
  14 hellwings
  2 jumping spiders
  A raiju (shapeshifter) (Vaults:1)
  A wind drake (shapeshifter) (Depths:4)
  12 polar bears
  A two-headed ogre (shapeshifter) (Vaults:5)
  A blue devil (Depths:2)
  A hydra zombie (Crypt:3)
  10 trolls
  Grinder (D:4)
  11 giant leeches
  2 alligator zombies
  A jumping spider (shapeshifter) (D:13)
  A hydra skeleton (Crypt:3)
  6 blink frogs (Lair:8)
  10 bog bodies
  122 slime creatures
  31 ushabtiu
  A hornet zombie (D:13)
  9 boulder beetles
  2 black mamba zombies (Crypt:3)
  3 ettin zombies (Crypt:3)
  2 ice dragon zombies (Crypt:3)
  2 fire dragon zombies (Crypt:3)
  6 shadows
  12 water elementals
  27 flying skulls
  63 yaks
  18 spriggans
  Sigmund (D:3)
  4 ettin skeletons
  A redback (shapeshifter) (Elf:2)
  7 redbacks
  21 wraiths
  A centaur simulacrum (D:15)
  30 deep elf magi
  2 elf skeletons
  2 vampires (Crypt:1)
  2 tarantellas
  A golden eye (shapeshifter) (Vaults:5)
  12 air elementals
  A wind drake zombie (Crypt:1)
  A wyvern (shapeshifter) (Vaults:5)
  A human (shapeshifter) (Vaults:5)
  Eustachio (D:5)
  3 wyverns
  41 deep elf fighters
  5 steam dragons
  7 hippogriffs
  5 golden eyes (Slime:3)
  2 ynoxinuls
  A tarantella (shapeshifter) (Vaults:4)
  2 hogs (D:14)
  26 vampire mosquitoes
  4 chaos spawn
  2 neqoxecs
  A mottled dragon (shapeshifter) (Zig:17)
  3 hungry ghosts
  3 wolves
  5 basilisks
  10 insubstantial wisps
  A hell hound (Zig:1)
  Edmund (D:4)
  72 nagas
  23 water moccasins
  9 mottled dragons
  7 wargs
  4 phantoms
  3 sky beasts
  22 wasps
  17 swamp worms
  12 porcupines
  A porcupine (shapeshifter) (D:7)
  2 necrophages
  2 black bears
  2 human skeletons
  4 spiders
  20 ice beasts
  3 swamp drakes
  62 ogres
  An eye of draining (shapeshifter) (Zig:14)
  93 orc warriors
  9 boggarts
  5 eyes of draining
  3 snapping turtle skeletons (Crypt:3)
  A blink frog skeleton (Crypt:2)
  A boggart (shapeshifter) (D:7)
  13 centaurs
  A big kobold (D:13)
  28 crocodiles
  A brain worm (D:15)
  22 giant frogs
  A human zombie (Vaults:2)
  A fire drake skeleton (Crypt:2)
  10 wyvern skeletons
  2 scorpions
  A water moccasin skeleton (D:11)
  An elf zombie (Vaults:2)
  A human simulacrum (Vaults:3)
  A troll zombie (Crypt:1)
  11 killer bees
  16 wights
  22 crimson imps
  36 jellies
  A lava snake (Swamp:4)
  2 quasits
  5 centaur zombies
  36 orc priests
  44 orc wizards
  6 centaur skeletons
  A two-headed ogre skeleton (Crypt:2)
  2 giant frog skeletons
  A gnoll shaman (D:5)
  7 hounds
  8 iron imps
  A giant frog zombie (D:12)
  7 worker ants
  Natasha (D:2)
  16 iguanas
  2 killer bee zombies
  21 sheep
  A hound zombie (D:7)
  4 hound skeletons
  79 mummies
  A worker ant zombie (D:6)
  24 gnolls
  69 river rats
  9 shadow imps
  5 white imps
  16 adders
  6 oozes
  An adder zombie (D:8)
  3 worms
  4 adder skeletons
  6 giant geckos
  296 orcs
  8 bats
  10 giant cockroaches
  13 hobgoblins
  6 jackals
  8 kobolds
  9 quokkas
  7 ball pythons
  A giant gecko skeleton (D:5)
  10 giant newts
  A gnoll skeleton (Crypt:2)
  12 goblins
  A goblin skeleton (Crypt:1)
  A goblin zombie (Crypt:2)
  A jackal zombie (D:6)
  2 quokka skeletons (D:5)
  A quokka zombie (D:6)
  21 rats
  4 briar patches (Swamp:1)
  5 crawling corpses
  3 fungi
  10 plants
3553 creatures vanquished.

Vanquished Creatures (collateral kills)
  A smoke demon (Zig:17)
1 creature vanquished.

Vanquished Creatures (others)
  A thorn hunter (Swamp:4)
  A draconian scorcher (Depths:5)
  A hydra (Swamp:4)
  A deep elf knight (Elf:2)
  12 death scarabs
  2 swamp dragons (Swamp:4)
  A hill giant (Vaults:1)
  A large abomination (Zig:17)
  A hornet (Swamp:4)
  An emperor scorpion zombie (Tomb:1)
  A deep elf mage (Elf:2)
  14 flying skulls
  4 humans (D:14)
  3 deep elf fighters
  2 swamp drakes (Swamp:4)
  A wasp (Swamp:4)
  3 boggarts
  A snapping turtle skeleton (Tomb:2)
  2 ogres
  2 crimson imps (Depths:2)
  An orc priest (Vaults:5)
  A lightning spire (Zig:6)
  A mummy (Tomb:3)
  An orc (Vaults:2)
  A briar patch (Swamp:1)
  9 fungi
  9 lost souls
  18 plants
  2 starspawn tentacles (Zig:17)
  64 starspawn tentacle segments (Zig:17)
162 creatures vanquished.

Grand Total: 3716 creatures vanquished

Notes
Turn   | Place    | Note
--------------------------------------------------------------
     0 | D:1      | graki42 the Minotaur Fighter began the quest for the Orb.
     0 | D:1      | Reached XP level 1. HP: 19/19 MP: 0/0
   468 | D:1      | Reached XP level 2. HP: 27/27 MP: 1/1
   719 | D:2      | Reached skill level 4 in Fighting
   720 | D:2      | Reached XP level 3. HP: 33/33 MP: 2/2
   765 | D:2      | Found an opulent altar of Gozag.
  1076 | D:2      | Reached XP level 4. HP: 36/41 MP: 3/3
  1293 | D:2      | Noticed Natasha
  1297 | D:2      | Killed Natasha
  1297 | D:2      | Reached skill level 5 in Fighting
  1297 | D:2      | Reached skill level 5 in Armour
  1297 | D:2      | Reached XP level 5. HP: 33/48 MP: 4/4
  1481 | D:3      | Noticed Sigmund
  1489 | D:3      | Killed Sigmund
  1489 | D:3      | Reached skill level 5 in Shields
  1489 | D:3      | Reached XP level 6. HP: 56/56 MP: 5/5
  1530 | D:3      | Found a shattered altar of Ashenzari.
  1617 | D:3      | Found a radiant altar of Vehumet.
  1621 | D:3      | Found a deep blue altar of Sif Muna.
  2106 | D:4      | Noticed Grinder
  2229 | D:4      | Noticed Edmund
  2252 | D:4      | Killed Edmund
  2252 | D:4      | Reached skill level 6 in Fighting
  2252 | D:4      | Reached XP level 7. HP: 53/63 MP: 6/6
  2315 | D:4      | Reached skill level 5 in Axes
  2315 | D:4      | Reached skill level 1 in Evocations
  2390 | D:4      | Found a staircase to the Ecumenical Temple.
  2396 | Temple   | Entered the Ecumenical Temple
  2411 | Temple   | Became a worshipper of Warmaster Okawaru
  2480 | D:4      | Killed Grinder
  2831 | D:4      | Reached XP level 8. HP: 71/71 MP: 8/8
  3018 | D:5      | Entered Level 5 of the Dungeon
  3045 | D:5      | Reached skill level 7 in Fighting
  3089 | D:5      | Acquired Okawaru's first power
  3394 | D:5      | Found a shattered altar of Ashenzari.
  3397 | D:5      | Noticed Eustachio
  3409 | D:5      | Killed Eustachio
  3520 | D:5      | Found a glowing drain.
  3544 | Sewer    | Entered a sewer
  3583 | Sewer    | Reached skill level 8 in Armour
  4010 | Sewer    | Reached XP level 9. HP: 42/81 MP: 9/9
  4284 | D:5      | Found a sparkling altar of Nemelex Xobeh.
  4707 | D:6      | Found Voen's Book Emporium.
  5231 | D:7      | Found a blossoming altar of Fedhas.
  5271 | D:7      | Found a blossoming altar of Fedhas.
  5484 | D:6      | Noticed a tengu warrior
  5503 | D:6      | Killed a tengu warrior
  5503 | D:6      | Reached skill level 9 in Fighting
  5781 | D:7      | Found Dyshaw's Food Shoppe.
  5808 | D:7      | Reached XP level 10. HP: 81/91 MP: 10/10
  5845 | D:7      | Got a slimy buckler
  5856 | D:7      | Identified the +1 buckler of the Three Ships {rF+} (You found it on level 7 of the Dungeon)
  6032 | D:7      | Gained mutation: You can breathe flames. [mutagenic meat]
  6149 | D:7      | Found a shimmering altar of Xom.
  6151 | D:7      | Found a shimmering altar of Xom.
  6151 | D:7      | Found a shimmering altar of Xom.
  6177 | D:7      | Found a shimmering altar of Xom.
  6196 | D:7      | Found a shimmering altar of Xom.
  6213 | D:7      | Gained mutation: Your system is resistant to poisons. [mutagenic meat]
  6214 | D:7      | Gained mutation: Armour fits poorly on your strangely shaped body. [mutagenic meat]
  6216 | D:7      | Gained mutation: Your mind is acute. (Int +2) [mutagenic meat]
  6689 | D:8      | Reached skill level 10 in Axes
  7590 | D:9      | Found Foen's Antique Weapon Boutique.
  7668 | D:9      | Found Ydoyre's Food Shop.
  7754 | D:10     | Entered Level 10 of the Dungeon
  7764 | D:10     | Found an opulent altar of Gozag.
  8220 | D:10     | Reached skill level 10 in Fighting
  8220 | D:10     | Reached skill level 10 in Armour
  8235 | D:10     | Acquired Okawaru's second power
  8487 | D:10     | Found a staircase to the Lair.
  8492 | D:10     | Reached skill level 10 in Shields
  8497 | D:10     | Reached XP level 11. HP: 99/99 MP: 13/13
  9258 | D:11     | Reached skill level 11 in Axes
  9467 | D:11     | Reached skill level 1 in Invocations
  9482 | D:11     | Noticed a deep troll
  9485 | D:11     | Noticed an ogre mage
  9500 | D:11     | Killed a deep troll
  9507 | D:11     | Killed an ogre mage
  9507 | D:11     | Received a gift from Okawaru
  9526 | D:11     | Noticed a four-headed hydra
  9531 | D:11     | Killed an unseen horror
  9929 | D:11     | Reached skill level 12 in Axes
 10188 | D:11     | Killed a nine-headed hydra
 10314 | D:11     | Got a transparent great sword
 10315 | D:11     | Identified the +0 great sword of Meulugoe {holy, Str+4} (You found it on level 11 of the Dungeon)
 10348 | D:11     | Found a staircase to the Orcish Mines.
 10627 | D:11     | Reached XP level 12. HP: 110/110 MP: 14/14
 10701 | Lair:1   | Entered Level 1 of the Lair of Beasts
 10708 | Lair:1   | Noticed Kolbur's ghost (experienced MfIE)
 10719 | Lair:1   | Killed Kolbur's ghost
 10773 | Lair:1   | Received a gift from Okawaru
 10845 | Lair:1   | Identified Itopang's Handbook of the Mountains
 11043 | Lair:1   | Noticed Gastronok
 11056 | Lair:1   | Killed Gastronok
 11056 | Lair:1   | Reached skill level 13 in Axes
 11370 | Lair:1   | Received a gift from Okawaru
 11678 | Lair:2   | Found a bloodstained altar of Trog.
 12504 | Lair:3   | Noticed Sonja
 12572 | Lair:3   | Reached skill level 14 in Axes
 12601 | Lair:3   | Noticed Sonja
 12601 | Lair:3   | Sonja changed into Sonja the polar bear
 12611 | Lair:3   | Killed Sonja the polar bear
 12627 | Lair:3   | Noticed an eight-headed hydra
 12633 | Lair:3   | Killed an 11-headed hydra
 12633 | Lair:3   | Received a gift from Okawaru
 12697 | Lair:3   | Found a staircase to the Snake Pit.
 12879 | Lair:3   | Reached XP level 13. HP: 80/118 MP: 15/15
 14161 | Lair:4   | Found a staircase to the Swamp.
 14325 | Lair:4   | Noticed a tentacled monstrosity
 14341 | Lair:4   | Killed a tentacled monstrosity
 14341 | Lair:4   | Received a gift from Okawaru
 15060 | Lair:5   | Reached skill level 15 in Axes
 15408 | Lair:5   | Noticed Rupert
 15429 | Lair:5   | Killed Rupert
 15535 | Lair:5   | Got a pitted halberd
 15536 | Lair:5   | Identified the +3 halberd of Valiance {venom, +Rage rElec rC++ Int-5} (You found it on level 5 of the Lair of Beasts)
 16175 | Lair:6   | Received a gift from Okawaru
 16178 | Lair:6   | Got a dazzling hat {god gift}
 16189 | Lair:6   | Identified the +2 hat "Kityvu" {MP+9} (Okawaru gifted it to you on level 6 of the Lair of Beasts)
 17099 | Lair:6   | Reached XP level 14. HP: 129/129 MP: 16/16
 18341 | Lair:8   | Entered Level 8 of the Lair of Beasts
 18350 | Lair:8   | Reached skill level 16 in Axes
 18762 | Lair:8   | Received a gift from Okawaru
 19379 | Lair:8   | Reached skill level 1 in Polearms
 19599 | Lair:6   | You fall through a shaft for 2 floors!
 19731 | Lair:8   | Received a gift from Okawaru
 19766 | Lair:8   | Gained mutation: [Your spells are a little easier to cast, but a little less powerful.] [mutagenic glow]
 19774 | Lair:8   | Gained mutation: You are resistant to electric shocks. [potion of mutation]
 19774 | Lair:8   | Gained mutation: [You are weak. (Str -2)] [potion of mutation]
 19774 | Lair:8   | Lost mutation: [Your spells are a little easier to cast, but a little less powerful.] [potion of mutation]
 19816 | Lair:8   | Lost mutation: [You are weak. (Str -2)] [mutagenic glow]
 19837 | Lair:8   | Found a sacrificial altar of Ru.
 19864 | Lair:8   | Gained mutation: You occasionally shout uncontrollably at your foes. [mutagenic glow]
 19932 | Lair:8   | Found a staircase to the Slime Pits.
 19952 | Lair:8   | Received a gift from Okawaru
 19952 | Lair:8   | Reached skill level 17 in Axes
 20080 | Lair:8   | Got an ichor-stained hand crossbow {god gift}
 20362 | Lair:8   | Identified the +1 hand crossbow "Deawuoj" {venom, Str+2 Dex+2} (Okawaru gifted it to you on level 8 of the Lair of Beasts)
 21352 | Lair:2   | Identified a scroll of acquirement
 21646 | Orc:1    | Entered Level 1 of the Orcish Mines
 21964 | Orc:1    | You fall through a shaft!
 21975 | Orc:2    | Found a frozen archway.
 22022 | Orc:2    | Reached XP level 15. HP: 117/139 MP: 17/17
 22033 | IceCv    | Entered an ice cave
 22089 | IceCv    | Reached skill level 15 in Shields
 22482 | IceCv    | Got a brightly glowing jade amulet
 22504 | IceCv    | Identified the amulet "Wugh" {+Rage Int+6} (You found it in an ice cave)
 22678 | Orc:2    | Noticed Maud
 22679 | Orc:2    | Noticed Erolcha
 22699 | Orc:2    | Killed Erolcha
 22699 | Orc:2    | Received a gift from Okawaru
 22701 | Orc:2    | Killed Maud
 22932 | Orc:2    | Found Kigga's Book Shop.
 23557 | Orc:3    | Found a staircase to the Elven Halls.
 23589 | Orc:3    | Found a flagged portal.
 23599 | Bailey   | Entered a bailey
 23736 | Bailey   | Reached skill level 15 in Fighting
 24521 | Orc:4    | Entered Level 4 of the Orcish Mines
 24776 | Orc:4    | Found Udait's Armour Shop.
 24800 | Orc:4    | Reached skill level 18 in Axes
 24829 | Orc:4    | Found Rihiv Naddi's Distillery.
 24835 | Orc:4    | Found Baurph's Distillery.
 24842 | Orc:4    | Found Laacaq Lewk's Gadget Shoppe.
 24900 | Orc:4    | Bought a potion of haste for 140 gold pieces
 24902 | Orc:4    | Bought a potion of cure mutation for 385 gold pieces
 24910 | Orc:4    | Bought a +3 rod of inaccuracy (14/14) for 1712 gold pieces
 25256 | Lair:2   | Reached XP level 16. HP: 149/149 MP: 20/20
 25445 | Elf:1    | Entered Level 1 of the Elven Halls
 25563 | Elf:1    | Received a gift from Okawaru
 26202 | Elf:1    | Identified the Tome of the Escort
 26539 | Elf:2    | Received a gift from Okawaru
 26717 | Elf:2    | Found Qudghor's Weapon Emporium.
 26819 | Elf:2    | Reached skill level 19 in Axes
 26850 | Elf:2    | Gained mutation: You have large cloven feet. [mutagenic meat]
 26851 | Elf:2    | Gained mutation: You are clumsy. (Dex -2) [mutagenic meat]
 26908 | Elf:2    | Found a runed gate.
 26918 | Elf:2    | Found a runed gate.
 26919 | Elf:2    | Found a runed gate.
 27200 | Elf:2    | Reached XP level 17. HP: 125/158 MP: 21/21
 27542 | Elf:2    | Reached skill level 15 in Armour
 27890 | Elf:3    | Entered Level 3 of the Elven Halls
 28729 | Elf:3    | Received a gift from Okawaru
 28763 | Elf:3    | Reached skill level 20 in Axes
 29229 | Elf:3    | Received a gift from Okawaru
 30403 | Elf:3    | Reached XP level 18. HP: 124/170 MP: 22/22
 30509 | Elf:3    | Noticed a Brimstone Fiend
 30573 | Elf:3    | Noticed a Brimstone Fiend
 30757 | Elf:3    | Got a pitted war axe {freeze}
 30791 | Elf:3    | Got a faintly humming hat
 30805 | Elf:3    | Got a translucent shortbow
 30806 | Elf:3    | Identified the +10 shortbow of Subterfuge {flame, rPois rC+ Int+4} (You found it on level 3 of the Elven Halls)
 30808 | Elf:3    | Identified the +5 war axe "Ubiofo" {freeze, rPois rF+} (You took it off a deep elf annihilator on level 3 of the Elven Halls)
 31030 | Elf:3    | Identified the +2 hat of the Hidden Seas {rC+} (You found it on level 3 of the Elven Halls)
 31041 | Elf:3    | Identified a +2 pair of boots of running (You found it on level 3 of the Elven Halls)
 31072 | Elf:3    | Identified Sif Muna's Disquisition on the Frostbite
 31075 | Elf:3    | Identified Wyvec's Grimoire of Flamy Hexes
 31499 | Snake:1  | Entered Level 1 of the Snake Pit
 31580 | Snake:1  | Found Cotz's Armour Shop.
 31612 | Snake:1  | Reached skill level 21 in Axes
 31881 | Snake:1  | Received a gift from Okawaru
 32082 | Snake:1  | Reached skill level 5 in Invocations
 32099 | Snake:1  | Gained mutation: You are partially covered in icy blue scales (AC +1). [mutagenic meat]
 32323 | Snake:2  | Received a gift from Okawaru
 32906 | Snake:2  | Noticed Donald
 32917 | Snake:2  | Killed Donald
 32919 | Snake:2  | Got a bloodstained shield {Donald}
 32930 | Snake:2  | Identified the +3 shield of the Tick {Str+3} (You took it off Donald on level 2 of the Snake Pit)
 33381 | Snake:3  | Found Dyisch's Gadget Boutique.
 33889 | Snake:3  | Received a gift from Okawaru
 33950 | Snake:3  | Found Gamunlar's Assorted Antiques.
 33955 | Snake:3  | Bought a scroll labeled ZEZOPH PEIMP for 25 gold pieces
 34219 | Snake:3  | Found Amen's Antique Weapon Emporium.
 34385 | Snake:4  | Entered Level 4 of the Snake Pit
 34462 | Snake:4  | Gained mutation: You have sharp fingernails. [mutagenic meat]
 34809 | Snake:4  | Reached XP level 19. HP: 139/179 MP: 23/23
 35167 | Snake:4  | Reached skill level 22 in Axes
 35472 | Snake:4  | Received a gift from Okawaru
 36168 | Snake:4  | Got a serpentine rune of Zot
 36784 | Swamp:1  | Entered Level 1 of the Swamp
 37111 | Swamp:1  | You fall through a shaft!
 37525 | Swamp:2  | Received a gift from Okawaru
 38570 | Swamp:4  | Entered Level 4 of the Swamp
 39456 | Swamp:4  | Reached XP level 20. HP: 164/191 MP: 24/24
 39550 | Swamp:4  | Got a decaying rune of Zot
 39824 | Swamp:1  | Received a gift from Okawaru
 40391 | D:12     | Noticed Maurice
 40402 | D:12     | Killed Maurice
 40449 | D:12     | Noticed Josephine
 40460 | D:12     | Killed Josephine
 40460 | D:12     | Reached skill level 23 in Axes
 40925 | D:13     | Found a gate to the Vaults.
 41015 | D:13     | Noticed Nessos
 41031 | D:13     | Killed Nessos
 41518 | D:14     | Found Hnaproac's Humungous Hoard.
 41527 | D:14     | Noticed Kirke
 41534 | D:14     | Killed Kirke
 41661 | D:14     | Lost mutation: Your system is resistant to poisons. [mutagenic meat]
 41664 | D:14     | Gained mutation: You sometimes yell uncontrollably at your foes. [mutagenic meat]
 41665 | D:14     | Gained mutation: You are mostly covered in icy blue scales (AC +3, EV -1). [mutagenic meat]
 41667 | D:14     | Lost mutation: You are mostly covered in icy blue scales (AC +3, EV -1). [mutagenic meat]
 41725 | D:14     | Gained mutation: Your spells are a little harder to cast, but a little more powerful. [mutagenic meat]
 41726 | D:14     | Lost mutation: Your mind is acute. (Int +2) [mutagenic meat]
 41727 | D:14     | Gained mutation: [You are frail (-10% HP).] [mutagenic meat]
 41734 | D:14     | Gained mutation: Potions and wands are less effective at restoring your health. [mutagenic meat]
 41795 | D:14     | Lost mutation: You are clumsy. (Dex -2) [mutagenic meat]
 42051 | D:14     | Found a shadowy altar of Dithmenos.
 42184 | D:14     | Found a portal to a secret trove of treasure.
 42278 | D:15     | Entered Level 15 of the Dungeon
 42293 | D:15     | Received a gift from Okawaru
 42297 | D:15     | Found Yluf's Distillery.
 42360 | D:15     | Bought a potion of mutation for 35 gold pieces
 42360 | D:15     | Lost mutation: [You are frail (-10% HP).] [potion of mutation]
 42360 | D:15     | Gained mutation: Your body sometimes deteriorates upon taking damage. [potion of mutation]
 42783 | D:15     | Found a staircase to the Depths.
 43153 | D:15     | Found a roughly hewn altar of Beogh.
 43264 | Depths:1 | Entered Level 1 of the Depths
 43264 | Depths:1 | Noticed the Enchantress
 43333 | D:15     | Killed the Enchantress
 43333 | D:15     | Received a gift from Okawaru
 43641 | D:15     | Got a faerie dragon armour
 43642 | D:15     | Identified the +0 faerie dragon armour {MR+ MP+8 Dex+3} (You took it off the Enchantress on level 15 of the Dungeon)
 43794 | Depths:1 | Lost mutation: You have sharp fingernails. [mutagenic meat]
 43795 | Depths:1 | Gained mutation: You are resistant to hostile enchantments. [mutagenic meat]
 43796 | Depths:1 | Gained mutation: [You are weak. (Str -2)] [mutagenic meat]
 43797 | Depths:1 | Gained mutation: Your natural rate of healing is unusually fast. [mutagenic meat]
 43798 | Depths:1 | Lost mutation: You are resistant to electric shocks. [mutagenic meat]
 43856 | Depths:1 | Found a sacrificial altar of Ru.
 43963 | Depths:1 | Found a gateway to Hell.
 43966 | Depths:1 | Found Lushyis's Antique Weapon Shoppe.
 44181 | Depths:1 | Received a gift from Okawaru
 45222 | Lair:2   | Lost mutation: [You are weak. (Str -2)] [potion of cure mutation]
 45222 | Lair:2   | Lost mutation: Your body sometimes deteriorates upon taking damage. [potion of cure mutation]
 45222 | Lair:2   | Lost mutation: You have large cloven feet. [potion of cure mutation]
 45222 | Lair:2   | Lost mutation: You sometimes yell uncontrollably at your foes. [potion of cure mutation]
 45226 | Lair:2   | Lost mutation: Potions and wands are less effective at restoring your health. [potion of cure mutation]
 45226 | Lair:2   | Lost mutation: Armour fits poorly on your strangely shaped body. [potion of cure mutation]
 45226 | Lair:2   | Lost mutation: You occasionally shout uncontrollably at your foes. [potion of cure mutation]
 45226 | Lair:2   | Lost mutation: You are resistant to hostile enchantments. [potion of cure mutation]
 45226 | Lair:2   | Lost mutation: You are partially covered in icy blue scales (AC +1). [potion of cure mutation]
 45410 | Vaults:1 | Entered Level 1 of the Vaults
 45512 | Vaults:1 | Found Quushrob's Antique Weapon Boutique.
 45771 | Vaults:1 | Found a roughly hewn altar of Beogh.
 45777 | Vaults:1 | Reached XP level 21. HP: 200/200 MP: 26/26
 45854 | Vaults:1 | Noticed Asterion
 45872 | Vaults:1 | Killed Asterion
 45913 | Vaults:1 | Found Mepyem's Magic Scroll Emporium.
 45927 | Vaults:1 | Bought a scroll of acquirement for 676 gold pieces
 46040 | D:14     | You paid a toll of 2 scrolls of acquirement to enter a treasure trove
 46041 | Trove    | Entered a treasure trove
 46049 | Trove    | Got a translucent ruby amulet
 46083 | Trove    | Identified the amulet "Goroecs" {Gourm Str+3 Stlth+} (You found it in a treasure trove)
 46085 | Trove    | Got a faintly glowing ring mail
 46089 | Trove    | Got a smoking robe
 46095 | Trove    | Identified the cursed +0 robe "Waleos" {rPois rF- Regen+ Dex+5} (You found it in a treasure trove)
 46096 | Trove    | Identified the +9 ring mail "Sogouph" {rCorr Int-2 SInv} (You found it in a treasure trove)
 46253 | Vaults:1 | Found Vani Pon's Assorted Antiques.
 46302 | Vaults:1 | Bought a pair of glowing boots for 153 gold pieces
 46353 | Vaults:1 | Found Naygir's Antique Weapon Emporium.
 46363 | Vaults:1 | Bought an iridescent dagger for 301 gold pieces
 46363 | Vaults:1 | Identified the cursed +1 dagger of Subterfuge {pierce, rC+ Str+3} (You bought it in a shop on level 1 of the Vaults)
 46367 | Vaults:1 | Bought a polished war axe for 365 gold pieces
 46367 | Vaults:1 | Identified the +8 war axe of the Empty Page {elec, *Drain rPois Int+4 Stlth+} (You bought it in a shop on level 1 of the Vaults)
 46389 | Vaults:1 | Found Ishel's Armour Emporium.
 46571 | Vaults:1 | Received a gift from Okawaru
 46576 | Vaults:1 | Got a pitted cloak {god gift}
 46587 | Vaults:1 | Identified the +0 cloak of Joeniss {Int+4} (Okawaru gifted it to you on level 1 of the Vaults)
 46930 | Vaults:2 | Reached skill level 24 in Axes
 47769 | Vaults:2 | Found a staircase to the Crypt.
 48066 | Vaults:2 | Reached skill level 10 in Evocations
 48074 | Vaults:2 | Noticed Nikola
 48088 | Vaults:2 | Killed Nikola
 48167 | Vaults:2 | Found Ryfibuh's General Store.
 48519 | Vaults:3 | Received a gift from Okawaru
 48610 | Vaults:3 | Noticed Xtahua
 48622 | Vaults:3 | Killed Xtahua
 48763 | Vaults:3 | Received a gift from Okawaru
 49699 | Vaults:4 | Reached XP level 22. HP: 193/211 MP: 28/28
 49921 | Vaults:4 | Reached skill level 25 in Axes
 50075 | Vaults:4 | Got a pitted scale mail
 50076 | Vaults:4 | Identified the +5 scale mail of Conscience {*Confuse rN+++ MR+ Regen+} (You found it on level 4 of the Vaults)
 50097 | Vaults:4 | Received a gift from Okawaru
 50110 | Vaults:4 | Got an ichor-stained plate armour {god gift}
 50111 | Vaults:4 | Identified the +0 plate armour of Light {rElec rPois Regen+ Dex-2} (Okawaru gifted it to you on level 4 of the Vaults)
 50554 | Vaults:5 | Entered Level 5 of the Vaults
 50609 | Vaults:5 | Received a gift from Okawaru
 50660 | Vaults:5 | Received a gift from Okawaru
 50666 | Vaults:5 | Reached skill level 26 in Axes
 50701 | Vaults:5 | Noticed an ancient lich
 50742 | Vaults:5 | Found Tuthiuwn's Gadget Boutique.
 50742 | Vaults:5 | Found Ruennidu's Antique Armour Boutique.
 51361 | Vaults:5 | Reached XP level 23. HP: 121/221 MP: 22/29
 51554 | Vaults:5 | Received a gift from Okawaru
 51586 | Vaults:5 | Got a heavily runed cloak {god gift}
 51683 | Vaults:5 | Got a silver rune of Zot
 51703 | Vaults:5 | Identified Iskenderun's Volume of Battle Magic and Weightlessness
 51902 | Vaults:5 | Noticed Frederick
 51914 | Vaults:5 | Killed Frederick
 52121 | Vaults:5 | Identified the Collected Works on Cloudy Blows and Bruises (You found it on level 5 of the Vaults)
 52145 | Vaults:5 | Got a pair of brightly glowing boots
 52156 | Vaults:5 | Identified the +0 cloak of the Duchess {Str+6} (Okawaru gifted it to you on level 5 of the Vaults)
 52166 | Vaults:5 | Identified the +2 pair of boots "Loxit" {rF+ rC+ Stlth+} (You found it on level 5 of the Vaults)
 53416 | Vaults:5 | Received a gift from Okawaru
 53649 | Vaults:5 | Killed an ancient lich
 53649 | Vaults:5 | Reached skill level 27 in Axes
 53818 | Vaults:5 | Upgraded the game from 0.17-a0-1914-gde4187c to 0.17-a0-1920-gafa4d75
 54397 | Crypt:1  | Entered Level 1 of the Crypt
 54634 | Crypt:1  | Received a gift from Okawaru
 54869 | Crypt:1  | Reached XP level 24. HP: 233/233 MP: 29/29
 55556 | Crypt:2  | Got a jewelled trident
 55557 | Crypt:2  | Identified the +8 trident of Regicide {flame, +Fly MP-9 Dex+9 SInv} (You found it on level 2 of the Crypt)
 56002 | Crypt:3  | Entered Level 3 of the Crypt
 56259 | Crypt:3  | Received a gift from Okawaru
 56443 | Crypt:3  | Noticed Wiglaf
 56457 | Crypt:3  | Killed Wiglaf
 56517 | Crypt:3  | Found an ancient bone altar of Kikubaaqudgha.
 56567 | Crypt:3  | Noticed Jorgrun
 56576 | Crypt:3  | Killed Jorgrun
 56629 | Crypt:3  | Noticed an ancient lich
 56652 | Crypt:3  | Killed an ancient lich
 57554 | Crypt:3  | Found a staircase to the Tomb.
 58709 | Depths:2 | Received a gift from Okawaru
 58977 | Depths:2 | Found a runed door.
 58980 | Depths:2 | Noticed a juggernaut
 58981 | Depths:2 | Gained mutation: Armour fits poorly on your strangely shaped body. [a shining eye]
 58996 | Depths:2 | Killed a juggernaut
 59008 | Depths:2 | Got a heavily runed garnet amulet
 59009 | Depths:2 | Identified the amulet of the Lily {Gourm Str+6 Int+4} (You found it on level 2 of the Depths)
 59209 | Depths:2 | Found a one-way gate to the infinite horrors of the Abyss.
 59514 | Depths:2 | Reached XP level 25. HP: 245/245 MP: 29/29
 59838 | Depths:2 | Got a flickering bone amulet
 59839 | Depths:2 | Identified the amulet "Uvoinee" {Ward rElec rF+++ rC- rN+ Str+2} (You acquired it on level 2 of the Depths)
 60002 | Depths:2 | Reached XP level 26. HP: 254/254 MP: 29/29
 60480 | Depths:3 | Found a snail-covered altar of Cheibriados.
 60738 | Depths:3 | Found a one-way gate leading to the halls of Pandemonium.
 61107 | Depths:4 | Received a gift from Okawaru
 61391 | Depths:4 | Found a gateway to a ziggurat.
 61594 | Depths:4 | You fall through a shaft!
 61594 | Depths:5 | Entered Level 5 of the Depths
 61686 | Depths:4 | Got a glittering marble ring
 61694 | Depths:4 | Identified the ring "Niomoc" {+Inv rF- rN+ Dex+3} (You found it on level 4 of the Depths)
 61900 | Depths:4 | Noticed a juggernaut
 61922 | Depths:4 | Killed a juggernaut
 62560 | Depths:5 | Noticed a juggernaut
 62828 | Depths:5 | Killed a juggernaut
 62999 | Depths:5 | Found a gate to the Realm of Zot.
 63153 | Depths:5 | Received a gift from Okawaru
 63455 | Depths:5 | Reached skill level 27 in Shields
 63724 | Depths:5 | Found a radiant altar of Vehumet.
 63908 | Depths:3 | Reached XP level 27. HP: 255/266 MP: 29/29
 65426 | Tomb:1   | Entered Level 1 of the Tomb of the Ancients
 67765 | Tomb:2   | Noticed Boris
 68065 | Tomb:1   | Received a gift from Okawaru
 68814 | Tomb:2   | Killed Boris
 69502 | Tomb:2   | Reached skill level 27 in Fighting
 69654 | Tomb:1   | Received a gift from Okawaru
 69655 | Tomb:1   | Got a shimmering demon blade {god gift}
 69656 | Tomb:1   | Identified the +2 demon blade of the Ecumenical Temple {pain, rC+ Str+2 Int+5} (Okawaru gifted it to you on level 1 of the Tomb of the Ancients)
 70258 | Tomb:1   | Reached skill level 10 in Invocations
 70625 | Tomb:1   | Received a gift from Okawaru
 71950 | Tomb:2   | Paralysed by the power of Zot for 4 turns
 72573 | Tomb:2   | Gained mutation: You are clumsy. (Dex -2) [a neqoxec]
 72764 | Tomb:3   | Entered Level 3 of the Tomb of the Ancients
 75037 | Tomb:3   | Received a gift from Okawaru
 75066 | Tomb:3   | Cast into the Abyss (a distortion unwield)
 75103 | Abyss:1  | Found a corrupted altar of Lugonu.
 75226 | Tomb:3   | Escaped the Abyss
 75813 | Tomb:3   | Got a transparent war axe
 75823 | Tomb:3   | Identified the +6 war axe "Ylaexah" {chop, MP+9 Dex+4} (You found it on level 3 of the Tomb of the Ancients)
 75908 | Tomb:3   | Got a golden rune of Zot
 76182 | Tomb:3   | Got a transparent flail
 76189 | Tomb:3   | Got a twisted spear
 76196 | Tomb:3   | Identified the cursed +0 spear "Ryplisu" {flame, Stlth+} (You found it on level 3 of the Tomb of the Ancients)
 77231 | Slime:1  | Entered Level 1 of the Pits of Slime
 77378 | Slime:1  | Gained mutation: You are robust (+10% HP). [a shining eye]
 78723 | Slime:5  | Received a gift from Okawaru
 79323 | Slime:6  | Entered Level 6 of the Pits of Slime
 79366 | Slime:6  | Noticed the royal jelly
 79429 | Slime:6  | Killed the royal jelly
 79967 | Slime:6  | Identified the Compendium of Protection
 79969 | Slime:6  | Got a slimy rune of Zot
 79993 | Slime:6  | Identified Sif Muna's Reference Book on Confrontation
 80024 | Slime:6  | Got a faintly glowing broad axe
 80082 | Slime:6  | Got a warped hand axe
 80088 | Slime:6  | Identified the Catalogue of Blows and Bruises
 80151 | Slime:6  | Identified the +6 broad axe of Peril {chop, rF+ rN+} (You found it on level 6 of the Pits of Slime)
 80152 | Slime:6  | Identified the +2 hand axe of the Unliving {holy, +Inv} (You found it on level 6 of the Pits of Slime)
 81471 | Lair:2   | Identified a +6 rod of destruction (13/13) (You found it on level 6 of the Pits of Slime)
 82181 | Zig:1    | Entered Level 1 of a ziggurat
 82195 | Zig:2    | Entered Level 2 of a ziggurat
 82222 | Zig:3    | Entered Level 3 of a ziggurat
 82234 | Zig:3    | Reached skill level 27 in Armour
 82240 | Zig:3    | Got a crude tin amulet
 82244 | Zig:3    | Identified the amulet of Koac {+Rage rPois} (You found it on level 3 of a ziggurat)
 82250 | Zig:4    | Entered Level 4 of a ziggurat
 82290 | Zig:5    | Entered Level 5 of a ziggurat
 82303 | Zig:5    | Reached skill level 1 in Dodging
 82320 | Zig:5    | Got an iridescent glaive
 82445 | Zig:6    | Entered Level 6 of a ziggurat
 82490 | Zig:6    | Identified the Grimoire of Spatial Boosts
 82496 | Zig:7    | Entered Level 7 of a ziggurat
 82559 | Zig:7    | Received a gift from Okawaru
 82560 | Zig:7    | Reached skill level 5 in Dodging
 82565 | Zig:7    | Got a scorched chain mail {god gift}
 82576 | Zig:7    | Identified the +2 chain mail of Marbles {rElec rF+} (Okawaru gifted it to you on level 7 of a ziggurat)
 82673 | Zig:8    | Entered Level 8 of a ziggurat
 82819 | Zig:8    | Identified a cursed +0 rod of shadows (11/11) (You found it on level 8 of a ziggurat)
 82828 | Zig:9    | Entered Level 9 of a ziggurat
 82835 | Zig:9    | Noticed Qoettoog the pandemonium lord
 82867 | Zig:9    | Killed Qoettoog the pandemonium lord
 82903 | Zig:9    | Identified a +7 rod of clouds (13/13) (You found it on level 9 of a ziggurat)
 82970 | Zig:10   | Entered Level 10 of a ziggurat
 83072 | Zig:10   | Got a brightly glowing flail
 83073 | Zig:10   | Identified the +7 flail "Setetir" {elec, Stlth+} (You found it on level 10 of a ziggurat)
 83078 | Zig:11   | Entered Level 11 of a ziggurat
 83155 | Zig:11   | Identified the Almanac of Gliding Conjuration (You found it on level 11 of a ziggurat)
 83209 | Zig:12   | Entered Level 12 of a ziggurat
 83261 | Zig:12   | Reached skill level 10 in Dodging
 83327 | Zig:12   | Identified a +4 rod of the swarm (13/13) (You found it on level 12 of a ziggurat)
 83439 | Zig:13   | Entered Level 13 of a ziggurat
 83472 | Zig:13   | HP: 15/300 [??? (9)]
 83475 | Zig:13   | Received a gift from Okawaru
 83850 | Zig:13   | Identified Lehudib's Tome of Attacks
 83987 | Zig:13   | Identified a +5 rod of the swarm (14/14) (You found it on level 13 of a ziggurat)
 83990 | Zig:14   | Entered Level 14 of a ziggurat
 84064 | Zig:14   | Got an iridescent broad axe
 84068 | Zig:14   | Identified Biutt's Collected Works on Flight
 84072 | Zig:14   | Got a pitted amber ring
 84118 | Zig:14   | Got a polished spear
 84122 | Zig:14   | Identified the +7 broad axe "Qaisuoma" {holy, MR++} (You found it on level 14 of a ziggurat)
 84126 | Zig:14   | Identified the ring of Suspicion {rF+ Int+3} (You found it on level 14 of a ziggurat)
 84143 | Zig:15   | Entered Level 15 of a ziggurat
 84626 | Zig:15   | Got a shimmering brass ring
 84635 | Zig:15   | Identified the Almanac of the Escort
 84648 | Zig:15   | Identified Khufu's Disquisition on Necromancy (You found it on level 15 of a ziggurat)
 84656 | Zig:16   | Entered Level 16 of a ziggurat
 84731 | Zig:16   | Received a gift from Okawaru
 84743 | Zig:16   | HP: 1/315 [bennu (26)]
 84750 | Zig:16   | HP: 12/315 [??? (7)]
 84755 | Zig:16   | HP: 6/315 [greater mummy/divine providence (11)]
 84756 | Zig:16   | Got a transparent shield
 84760 | Zig:17   | Entered Level 17 of a ziggurat
 84816 | Zig:17   | Noticed an ancient lich
 84821 | Zig:17   | HP: 7/315 [starcursed mass/accursed screaming (11)]
 84826 | Zig:17   | HP: 6/260 [small abomination (8)]
 84829 | Zig:17   | Killed from afar by a balrug

Vault maps used:
D:1:      tarquinn_simple_flora_water_a, minmay_misc_feat_square
D:2:      lemuel_doored_altar, uniq_natasha
D:3:      ashenzari_conservatory_becter, grunt_temple_overflow_open,
          uniq_sigmund
D:4:      minmay_temple_entry_fiery, first_bread, minivault_19, uniq_edmund,
          uniq_grinder
D:5:      nicolae_overflow_hidden_temple, portal_sewer_entry_f,
          evilmike_ruin_ashenzari, uniq_eustachio
D:6:      minmay_klotski, serial_shops, nicolae_shop_stone
D:7:      fedhas_altar_fruit_tree, xom_shifter_show, serial_shops,
          nicolae_shop_behind_doors, basic_altar, the_bakery,
          grunt_decor_fettered, serial_park_tiny_1, minmay_misc_feat_doors
D:9:      serial_shops, nicolae_shop_crystal, nicolae_shop_stone,
          serial_park_tiny_pond
D:10:     erik_lair_orcish_takeover, nrook_loot_triangle,
          grunt_gozag_breadcrumbs
D:11:     hangedman_cross_veins, orc_0_dummy, lightli_orcish_oven
D:12:     uniq_maurice, uniq_josephine
D:13:     erik_vaults_1, uniq_nessos
D:14:     basic_altar, nicolae_trove_entry_path_of_doom, nicolae_alphabet_shops,
          uniq_kirke
D:15:     grunt_enter_depths_hoard, patterned_corridor, serial_shops, shop,
          special_room
Temple:   eino_narrow_crystal_temple_b_12
Lair:1:   minmay_holes, uniq_gastronok
Lair:2:   statuecave_lemuel, basic_altar
Lair:3:   guppyfry_snake_entry_island, grunt_megastairs_3, lemuel_fruit_tree,
          lemuel_fruit_fields, uniq_sonja
Lair:4:   swamp_mist_pool, st_stairs_6, minivault_24, small_statue_intersection,
          beast_lair_carwin_11, infiniplex_staircase_pool
Lair:5:   beast_lair_carwin_3, grunt_megastairs_2, uniq_rupert
Lair:8:   hangedman_lair_in_review, guppyfry_lair_end_dragon,
          minmay_slime_entry_pillars, basic_altar
Swamp:1:  evilmike_swamp_ruin_house_3
Swamp:2:  evilmike_swamp_ruin_rubble_2, swamp_pool1, infiniplex_staircase_pool_2
Swamp:3:  evilmike_swamp_ruin_house_6
Swamp:4:  swamp_fiery, swamp_pool3, nicolae_swamp_feature_on_the_river_bank
Snake:1:  serial_shops, nicolae_shop_window_shopping,
          nicolae_snake_serpentine_hallways, grunt_ministairs_1
Snake:2:  uniq_donald
Snake:3:  serial_shops, shop, shop, shop, serial_bayou_shore_b
Snake:4:  minmay_snake_end_coiled
Slime:5:  nicolae_slime_barrier
Orc:1:    nicolae_orc_stony_grotto
Orc:2:    cheibrodos_orc_bank, portal_ice_cave_entry_animals_and_master,
          serial_shops, shop, uniq_maud, uniq_erolcha
Orc:3:    enter_bailey_8, nicolae_orc_pool_cavern, mines_bat_river
Orc:4:    st_orc_elflike
Elf:1:    minmay_elf_sorcery
Elf:2:    serial_shops, shop, nooodl_food_tri
Elf:3:    minmay_elf_hall_quartered_circle
Vaults:1: nicolae_vaults_little_squares_3, special_room_vaults, v_misc_27,
          vaults_standard_mumra_lines, nicolae_vaults_circle_grid_a,
          nicolae_vaults_diagonal_hallway_7, vaults_room_corners,
          ontoclasm_vaults_eye, vaults_dpeg_encased_lava,
          nicolae_vaults_asterisk, serial_shops, nicolae_shop_stone, shop, shop,
          shop, nicolae_shop_temple_entry_statues_fountains, uniq_asterion
Vaults:2: ontoclasm_vaults_decontamination, nicolae_vaults_sealed_display,
          hangedman_vaults_hard_town_square, ontoclasm_vaults_ring_large,
          vaults_mumra_hex, v_alt_pattern_4, nicolae_vaults_big_ls,
          vaults_mumra_chevron_long, v_misc_31, ontoclasm_vaults_chip, v_misc_9,
          ontoclasm_vaults_bender, vaults_dpeg_diagonal, serial_shops,
          nicolae_shop_behind_doors, uniq_nikola
Vaults:3: vaults_room_pool, vaults_room_semicircle, v_misc_24,
          hangedman_vaults_slither, nicolae_vaults_little_ls, v_misc_5,
          nicolae_vaults_alarming, nicolae_vaults_little_squares_1,
          v_alt_pattern_6, dpeg_vaults_monster_box, uniq_xtahua
Vaults:4: v_misc_17, v_misc_14, v_misc_4, ontoclasm_vaults_spin,
          hangedman_vaults_capsules, ontoclasm_vaults_hangar,
          hangedman_vaults_river_flow, vaults_mumra_hexcomb,
          ontoclasm_vaults_echo, v_pattern_1
Vaults:5: serial_shops, uniq_frederick
Crypt:1:  evilmike_ambush
Crypt:2:  kb_skeletal_archery, basic_stair_grate_trap
Crypt:3:  evilmike_haunted_forest, uniq_jorgrun, uniq_wiglaf
Tomb:2:   uniq_boris
Depths:1: serial_shops, shop, hell_entry, columned_hall_lemuel,
          serial_column_ruins, column_ruins_hut_pillars,
          column_ruins_temple_circle, column_ruins_open_tiny,
          column_ruins_columns_straight, column_ruins_open_tiny,
          kennysheep_cross_room, kennysheep_generic_room_14,
          serial_bayou_shore_b, uniq_enchantress
Depths:2: minmay_haunted_quarter, abyss_entry_small_statue_room,
          grunt_hell_entry_demonic_statue, kennysheep_treasure_room,
          infiniplex_staircase_split_hallway
Depths:3: minmay_skeletal_surprise, hangedman_coc_ice_floe, cheibriados_altar_1,
          abyss_entry, pan_entry, infiniplex_staircase_diamond,
          grunt_megastairs_5
Depths:4: hangedman_arrow_trap, enter_ziggurat_f, grunt_hell_entry_dis_mu,
          abyss_entry, minmay_misc_feat_enclosed
Depths:5: grunt_zot_entry_tricorne, kennysheep_doodads, rand_demon_pan_entry_8,
          hangedman_geh_valley, grunt_tower_of_power
Zig:7:    ziggurat_pillar_centre_dead_trees
Zig:8:    ziggurat_pillar_centre_oklobs
Zig:12:   ziggurat_pillar_centre_drop
Trove:    trove_simple
Sewer:    sewer_minmay_w
Bailey:   bailey_polearm_5, bailey
IceCv:    ice_cave_small_dragons

Action                   |  1- 3 |  4- 6 |  7- 9 | 10-12 | 13-15 | 16-18 | 19-21 | 22-24 | 25-27 || total
-------------------------+-------+-------+-------+-------+-------+-------+-------+-------+-------++-------
Melee: War axe           |    53 |   110 |   313 |   304 |   383 |   202 |  1853 |   750 |       ||  3968
       Hand axe          |       |       |       |    58 |       |       |       |       |       ||    58
       Broad axe         |       |       |       |   250 |   921 |  1201 |   196 |   807 |  2437 ||  5812
       Trident           |       |       |       |       |    54 |       |       |       |       ||    54
Invok: Heroism           |       |       |       |     5 |    14 |    21 |    19 |    14 |    12 ||    85
       Finesse           |       |       |       |     3 |     3 |     5 |     8 |     9 |    12 ||    40
 Abil: Evoke Berserk Rag |       |     6 |     7 |     6 |     1 |       |       |       |       ||    20
       Evoke Flight      |       |       |       |       |       |       |       |       |    10 ||    10
       Stop Flying       |       |       |       |       |       |       |       |       |     8 ||     8
Evoke: Wand              |       |       |       |    42 |     7 |     2 |     5 |     4 |    24 ||    84
       Rod               |       |       |       |       |       |       |    20 |     4 |    34 ||    58
       Phantom mirror    |       |       |       |       |       |       |       |       |     1 ||     1
  Use: Scroll            |     1 |       |    14 |    13 |    20 |    13 |    18 |    33 |    30 ||   142
       Potion            |       |     1 |     1 |    11 |     3 |     1 |     5 |    10 |    15 ||    47
 Stab: Confused          |       |       |       |     1 |       |       |       |       |       ||     1
       Paralysed         |       |       |       |     1 |       |       |       |       |       ||     1
       Petrified         |       |       |       |       |       |     1 |       |       |       ||     1
       Distracted        |       |       |       |       |       |       |       |       |     1 ||     1
  Eat: Chunk             |       |     8 |    14 |    21 |    27 |    29 |    63 |    14 |    15 ||   191
       Bread ration      |       |       |     1 |     3 |     2 |     1 |       |     2 |     9 ||    18
       Fruit             |       |       |       |     2 |     8 |     3 |     8 |     6 |     6 ||    33
       Beef jerky        |       |       |       |     2 |       |       |     1 |     3 |     2 ||     8
       Meat ration       |       |       |       |       |     1 |     1 |     1 |       |     5 ||     8
       Pizza             |       |       |       |       |       |     1 |     1 |     1 |     2 ||     5
